 Dungeon Crawl Stone Soup version 0.18-a0-1497-g788d838 (webtiles) character file.

116 milladamen the Cudgeler (level 4, 0/39 HPs)
             Began as a Minotaur Berserker on Mar 4, 2016.
             Was a Priest of Trog.
             Slain by a gnoll
             ... wielding a cursed -2 flail
              (6 damage)
             ... on level 3 of the Dungeon.
             The game lasted 00:08:40 (1183 turns).

milladamen the Cudgeler (Minotaur Berserker)        Turns: 1183, Time: 00:08:41

Health: 0/39       AC:  3    Str: 22    XL:     4   Next: 69%
Magic:  3/3        EV:  6    Int:  4    God:    Trog [***...]
Gold:   85         SH:  0    Dex: 10    Spells: 0 memorised, 3 levels left

rFire  . . .     SeeInvis .     h - +0 flail (curse)
rCold  . . .     Gourm    .     e - +0 leather armour (curse)
rNeg   . . .     Faith    .     (no shield)
rPois  .         Spirit   .     (helmet restricted)
rElec  .         Dismiss  .     (no cloak)
rCorr  .         Reflect  .     (no gloves)
SustAt .         Harm     .     (no boots)
MR     .....                    (no amulet)
Stlth  +.........               (no ring)
                                (no ring)

@: held, not resistant to hostile enchantments, very unstealthy
A: retaliatory headbutt, horns 2
a: Berserk, Trog's Hand, Burn Spellbooks, Renounce Religion


You were on level 3 of the Dungeon.
You worshipped Trog.
Trog was most pleased with you.
You were not hungry.

You visited 1 branch of the dungeon, and saw 3 of its levels.

You collected 85 gold pieces.

Inventory:

Hand Weapons
 a - a +0 mace
 h - a cursed +0 flail (weapon)
Armour
 b - a +0 animal skin
 e - a cursed +0 leather armour (worn)
 m - a +0 chain mail
Scrolls
 j - a scroll of teleportation
Potions
 f - a potion of lignification
 g - 2 potions of agility
 k - a potion of ambrosia
 l - a potion of haste
 o - a potion of curing
Comestibles
 c - 2 bread rations
 d - a meat ration


   Skills:
 - Level 3.6 Fighting
 + Level 6.6 Maces & Flails
 - Level 2.4 Armour
 - Level 2.1 Dodging


You had 3 spell levels left.
You didn't know any spells.

Dungeon Overview and Level Annotations

Branches:
Dungeon (3/15)

Altars:
Dithmenos
Makhleb
Nemelex Xobeh
Pakellas


Innate Abilities, Weirdness & Mutations

You reflexively headbutt those who attack you in melee.
You have a pair of horns on your head.


Message History

A bat comes into view.
The gnoll throws a throwing net.
The throwing net hits you.
You become entangled in the net! 2 gnolls come into view.
You see here a throwing net.
You struggle against the net.
The gnoll shouts! x2
You tear a large gash into the net.
The bat hits you.
You are held in a net!
You shred the net and break free! The bat barely misses you.
You furiously retaliate!
You headbutt the bat, but do no damage.
The gnoll throws a throwing net.
The throwing net hits you.
You become entangled in the net!
You struggle against the net.
The bat hits you but does no damage.
You try to slip out of the net.
The bat hits you but does no damage.
You try to slip out of the net.
The bat hits you. The gnoll barely misses you.
You struggle against the net.
The bat hits you. The gnoll hits you with a club!
* * * LOW HITPOINT WARNING * * *
The gnoll hits you with a flail.
You die...

..... ..... .....##
....... .......
......g
......g#############
#.bg@...........>
.......#####..#####
#.#.#.. ##.## ......
#..# . .#.#. ##.# ..
.... #.## #.#. # #
#. .# #..# #... . ..
. ##.# #.#.
#.###.#.##


You could see 3 gnolls and a bat.

Vanquished Creatures
  Robin (D:3)
  2 adders (D:2)
  2 oozes
  3 worms (D:2)
  5 orcs (D:3)
  2 giant cockroaches (D:1)
  13 goblins
  8 hobgoblins
  4 jackals (D:2)
  9 bats
  5 giant newts
  4 kobolds
  7 rats
65 creatures vanquished.

Notes
Turn   | Place    | Note
--------------------------------------------------------------
     0 | D:1      | milladamen the Minotaur Berserker began the quest for the Orb.
     0 | D:1      | Reached XP level 1. HP: 19/19 MP: 0/0
    34 | D:1      | Found a sparkling altar of Nemelex Xobeh.
    89 | D:1      | Reached skill level 4 in Maces & Flails
    89 | D:1      | Reached XP level 2. HP: 15/26 MP: 1/1
   451 | D:2      | Reached skill level 5 in Maces & Flails
   476 | D:2      | Reached ** piety under Trog
   529 | D:2      | Reached XP level 3. HP: 31/31 MP: 2/2
   566 | D:2      | Found a shadowy altar of Dithmenos.
   888 | D:2      | Found an oddly glowing altar of Pakellas.
   892 | D:2      | Reached XP level 4. HP: 20/39 MP: 3/3
   991 | D:2      | Reached skill level 6 in Maces & Flails
  1100 | D:3      | Noticed Robin
  1109 | D:3      | Killed Robin
  1116 | D:3      | Reached *** piety under Trog
  1124 | D:3      | Found a burning altar of Makhleb.
  1183 | D:3      | Slain by a gnoll

Vault maps used:
D:1:      onia_arrival_mini_spirals, st_stairs_4, hex_large,
          nemelex_altar_shiori
D:2:      nicolae_dithmenos_shadow_blocks, first_bread, mrwooster_statue_mirror,
          grunt_ministairs_7, grunt_pakellas_basics
D:3:      nicolae_ru_the_path_less_chosen, old_standard_altar, bloody_makhleb,
          hex_medium, uniq_robin, uniq_grinder, uniq_jessica

Skill      XL: |  1  2  3  4 |
---------------+-------------+-----
Maces & Flails | 4 5 6 |  6.6
Fighting       | |  3.6
Armour         | |  2.4
Dodging        | |  2.1

Action                   |  1- 3 |  4- 6 || total
-------------------------+-------+-------++-------
Melee: Mace              |    81 |    40 ||   121
       Flail             |       |     1 ||     1
Invok: Berserk           |       |     1 ||     1
  Use: Scroll            |     7 |     2 ||     9
  Eat: Chunk             |       |     2 ||     2
